 Dungeon Crawl Stone Soup version 0.30-a0-782-ge64f9170bb (webtiles) character file.

Game seed: 10055946463370557661

4141 Barriton the Destroyer (level 10, -5/73 HPs)
             Began as a Yellow Draconian Conjurer on Feb 28, 2023.
             Succumbed to a kobold brigand's curare-tipped dart
             ... on level 8 of the Dungeon.
             The game lasted 00:18:01 (10636 turns).

Barriton the Destroyer (Yellow Draconian Conjurer) Turns: 10636, Time: 00:18:02

Health: -5/73      AC: 13    Str: 13    XL:     10   Next: 7%
Magic:  30/40      EV: 13    Int: 23    God:
Gold:   467        SH:  0    Dex: 12    Spells: 23/26 levels left

rFire   + . .      SeeInvis +    s - staff of fire
rCold   + . .      Faith    .    (no shield)
rNeg    . . .      Spirit   .    (body armour unavailable)
rPois   .          Reflect  .    (helmet restricted)
rElec   .          Harm     .    i - +1 cloak
rCorr   +          Rampage  .    r - +2 pair of gloves "Joalucuth" {rC+ Str+3 Dex+3 SInv}
Will    .....                    l - +0 pair of boots
Stlth   ++                       (no amulet)
HPRegen 0.32/turn                A - ring of magical power
MPRegen 0.27/turn                g - ring of magical power

@: lethally poisoned (-5 -> -29), slowed, very slow
A: spit acid, AC +7, unfitting armour, cold-blooded, acid resistance
a: Breathe Acid


You were on level 8 of the Dungeon.
You visited 2 branches of the dungeon, and saw 9 of its levels.

You collected 467 gold pieces.

Inventory:

Hand Weapons
 f - a +1 vampiric quarterstaff
 y - the +4 rapier of Vaana {speed, Str+2 Dex-5 SInv}
   (You found it on level 8 of the Dungeon)

   Str:       It affects your strength (+2).
   Dex:       It affects your dexterity (-5).
   SInv:      It lets you see invisible.
Missiles
 D - a throwing net
Armour
 i - a +1 cloak (worn)
 l - a +0 pair of boots (worn)
 r - the +2 pair of gloves "Joalucuth" (worn) {rC+ Str+3 Dex+3 SInv}
   (You found it on level 5 of the Dungeon)

   Str:       It affects your strength (+3).
   Dex:       It affects your dexterity (+3).
   rC:        It protects you from cold.
   SInv:      It lets you see invisible.
Magical Staves
 s - a staff of fire (weapon)
 w - a staff of fire
Jewellery
 b - a ring of protection from fire
 g - a ring of magical power (right hand)
 A - a ring of magical power (left hand)
Wands
 p - a wand of flame (28)
Scrolls
 j - a scroll of magic mapping
 k - 2 scrolls of fog
 t - 4 scrolls of teleportation
 B - a scroll of immolation {unknown}
 C - a scroll of identify
 E - a scroll of enchant weapon
 F - a scroll of fear {unknown}
Potions
 a - a potion of attraction
 c - 4 potions of lignification
 d - 2 potions of brilliance
 e - 3 potions of curing
 h - 3 potions of heal wounds
 m - 2 potions of might
 n - 2 potions of haste
 o - a potion of ambrosia
 q - a potion of flight {unknown}
 u - a potion of degeneration {unknown}
 v - 2 potions of mutation {unknown}
 x - 2 potions of cancellation
 z - a potion of magic


   Skills:
 + Level 1.7 Fighting
 + Level 2.6 Staves
 + Level 4.9 Dodging
 + Level 4.2 Stealth
 + Level 0.4 Unarmed Combat
 + Level 8.8 Spellcasting
 + Level 9.5 Conjurations


You had 23 spell levels left.
You knew the following spells:

 Your Spells              Type           Power      Damage    Failure   Level
a - Magic Dart            Conj           100%       1d8       1%          1
b - Searing Ray           Conj           100%       2d8       1%          2

Your spell library contained the following spells:

 Spells                   Type           Power      Damage    Failure   Level
 Dazzling Flash           Conj/Hex       64%        N/A       2%          3
 Fulminant Prism          Conj/Hex       16%        3d10      9%          4
 Iskenderun's Mystic Bla  Conj/Tloc      32%        2d8       9%          4
 Sublimation of Blood     Necr           10%        N/A       10%         2
 Wereblood                Tmut           10%        N/A       10%         2
 Summon Guardian Golem    Hex/Summ       10%        N/A       19%         3
 Irradiate                Conj/Tmut      16%        3d17      26%         5
 Leda's Liquefaction      Hex/Erth       5%         N/A       54%         4
 Petrify                  Tmut/Erth      10%        N/A       54%         4
 Orb of Destruction       Conj           26%        9d9       73%         7
 Iron Shot                Conj/Erth      16%        9d4       80%         6
 Starburst                Conj/Fire      24%        6d8       80%         6
 Lee's Rapid Deconstruct  Erth           5%         3d6*      87%         5
 Statue Form              Tmut/Erth      6%         N/A       100%        6
 Spellforged Servitor     Conj/Summ      16%        N/A       100%        7
 Summon Hydra             Summ           5%         N/A       100%        7


Dungeon Overview and Level Annotations

Branches:
Dungeon (8/15)             Temple (1/1) D:7
   Lair: D:8-11

Altars:
Gozag
Qazlal
Trog
Uskayaw
Vehumet
Wu Jian
Zin
The Shining One

Annotations:
D:4 2 transporters


Innate Abilities, Weirdness & Mutations

You can spit globs of acid.
Your golden yellow scales are hard. (AC +7)
You cannot fit into any form of body armour.
You are cold-blooded and may be slowed by cold attacks.
You are resistant to acid. (rCorr)


Message History

You have difficulty breathing.
You feel as though you will be slow longer.
The magic dart hits the kobold brigand.
The kobold brigand is severely wounded.
You feel very sick.
The kobold brigand throws a curare-tipped dart.
The curare-tipped dart hits you.
You are more poisoned.
You have difficulty breathing.
You feel as though you will be slow longer.
Casting: Magic Dart (safe; 1% risk of failure)
Confirm with . or Enter, or press ? or * to list all spells.
Aiming: Searing Ray (safe; 1% risk of failure)
Press: ? - help, Shift-Dir - straight line, f/p - kobold brigand
Aim: a kobold brigand, wielding a +0 club and quivering curare-tipped darts (severely wounded, 79% to hit)
The searing ray hits the kobold brigand.
The kobold brigand is severely wounded.
The searing ray hits the kobold.
You kill the kobold! (Press . to maintain the ray.)
* * * LOW HITPOINT WARNING * * *
You feel extremely sick.
The searing ray hits the kobold brigand.
The kobold brigand is almost dead.
The searing ray misses the kobold.
* * * LOW HITPOINT WARNING * * *
You feel extremely sick.
The kobold brigand throws a curare-tipped dart.
The curare-tipped dart barely misses you.
The kobold brigand throws a curare-tipped dart.
The curare-tipped dart hits you.
You are more poisoned.
You have difficulty breathing.
* * * LOW HITPOINT WARNING * * *
You feel as though you will be slow longer.
The searing ray hits the kobold!
You kill the kobold!
The searing ray hits the kobold brigand.
The kobold brigand is almost dead.
You die...

########.##... ###
#............. #
#.. ..>.....###...
)##.#
#.##....>..... )..#
#.#..........# #..#
#.#..##.####.# #.K#
#.#..##.# #.# #.)#
#....##.# #.#
#<@####...##.# #.#
#.........##.####.#
##.####[..##.#.##.#
#.####.......#<#.#
#...........###..#
#####......## ##.#
#.....## ##.
#......## ##..
#.....#.###.#.


You could see a kobold brigand.

Vanquished Creatures
  A hornet (D:7)
  Grinder (D:4)
  Sigmund (D:4)
  A steam dragon (D:8)
  Menkaure (D:4)
  Edmund (D:6)
  A water moccasin (D:7)
  An ice beast (D:6)
  A sky beast (D:6)
  A black bear (D:5)
  3 centaurs
  2 ogres (D:4)
  4 phantoms
  2 kobold brigands
  3 bullfrogs
  4 scorpions
  8 wights
  3 electric eels (D:6)
  2 hounds
  Crazy Yiuf (D:7)
  2 gnoll boudas
  3 orc priests
  4 jellies
  5 iguanas
  Natasha (thrice) (D:4)
  7 orc wizards
  10 adders
  16 gnolls
  A worm (D:3)
  3 dart slugs
  20 orcs
  3 ball pythons
  3 bats
  6 endoplasms
  3 giant cockroaches
  10 goblins
  5 hobgoblins
  4 jackals
  3 quokkas
  3 frilled lizards
  23 kobolds
  4 rats
183 creatures vanquished.

Vanquished Creatures (others)
  4 fungi (D:7)
4 creatures vanquished.

Grand Total: 187 creatures vanquished

Notes
Turn   | Place    | Note
-------+----------+-------------------------------------------
     0 | D:1      | Barriton the Draconian Conjurer began the quest for the
                  | Orb.
     0 | D:1      | Reached XP level 1. HP: 14/14 MP: 3/3
    11 | D:1      | Got the Catalogue of Arson and Geomancy
   178 | D:1      | Reached XP level 2. HP: 20/20 MP: 0/5
   201 | D:1      | Learned a level 2 spell: Searing Ray
   479 | D:1      | Found a faded altar of an unknown god.
   803 | D:1      | Reached XP level 3. HP: 26/26 MP: 2/6
  1465 | D:2      | Reached skill level 5 in Conjurations
  1865 | D:2      | Reached XP level 4. HP: 33/33 MP: 4/7
  2928 | D:3      | Found an ornate altar of the Wu Jian Council.
  2960 | D:3      | Found a glowing silver altar of Zin.
  3135 | D:3      | Reached XP level 5. HP: 38/38 MP: 5/9
  3661 | D:4      | Noticed Grinder
  3698 | D:4      | Killed Grinder
  3699 | D:4      | Reached skill level 1 in Staves
  3699 | D:4      | Reached XP level 6. HP: 30/46 MP: 5/12
  3705 | D:4      | Reached skill level 6 in Conjurations
  4022 | D:4      | Your scales start taking on a golden yellow colour.
  4022 | D:4      | Reached XP level 7. HP: 51/51 MP: 5/13
  4022 | D:4      | Gained mutation: You are resistant to acid. (rCorr) [Yellow
                  | Draconian growth]
  4084 | D:4      | Noticed Natasha
  4089 | D:4      | Killed Natasha
  4244 | D:4      | Found a transporter.
  4262 | D:4      | Noticed a wyvern
  4264 | D:4      | Found a transporter.
  4269 | D:4      | Reached skill level 1 in Fighting
  4340 | D:4      | Noticed Menkaure
  4344 | D:4      | Killed Menkaure
  4345 | D:4      | Reached skill level 5 in Spellcasting
  4396 | D:4      | Noticed Natasha
  4398 | D:4      | Noticed Sigmund
  4412 | D:4      | Killed Natasha
  4418 | D:4      | Killed Sigmund
  4419 | D:4      | Reached XP level 8. HP: 48/59 MP: 5/16
  4549 | D:4      | Found a glowing golden altar of the Shining One.
  4550 | D:4      | Found an opulent altar of Gozag.
  4552 | D:4      | Found a bloodstained altar of Trog.
  4755 | D:4      | Noticed Natasha
  4759 | D:4      | Killed Natasha
  4760 | D:4      | Reached skill level 7 in Conjurations
  5016 | D:5      | Entered Level 5 of the Dungeon
  5035 | D:5      | Identified the +2 pair of gloves "Joalucuth" {rC+ Str+3
                  | Dex+3 SInv}
  6666 | D:6      | Found a hide-covered altar of Uskayaw.
  6802 | D:6      | Reached skill level 8 in Conjurations
  7272 | D:6      | Reached XP level 9. HP: 66/66 MP: 19/19
  7417 | D:6      | Noticed Edmund
  7437 | D:6      | Killed Edmund
  7962 | D:7      | Paralysed by a hornet for 3 turns
  7972 | D:7      | Paralysed by a hornet for 3 turns
  7974 | D:7      | HP: 3/66 [poisoned by a hornet]
  8663 | D:7      | Found a staircase to the Ecumenical Temple.
  8740 | Temple   | Entered the Ecumenical Temple
  9117 | D:7      | Reached skill level 9 in Conjurations
  9275 | D:7      | Found a runed translucent door.
  9276 | D:7      | Noticed Crazy Yiuf
  9404 | D:7      | Killed Crazy Yiuf
  9551 | D:8      | Identified the +4 rapier of Vaana {speed, Str+2 Dex-5 SInv}
  9732 | D:8      | Reached XP level 10. HP: 56/73 MP: 20/22
 10047 | D:8      | Found a flagged portal.
 10635 | D:8      | HP: 2/73 [asphyx]
 10636 | D:8      | Succumbed to a kobold brigand's curare-tipped dart

Illustrated notes

Levels and vault maps discovered:
D:1:      matt_arrival_grand_opening, layout_basic,
          shapermc_ecumenical_altar_notcrosses
D:2:      layout_loops_corners, wander_ebering_terrifying_dragon_lair
D:3:      minmay_chambers_of_threes, layout_basic, old_standard_altar,
          zin_academy, hex_medium, chequers_serial_rivers_small_b
D:4:      layout_basic, gammafunk_temple_overflow_arena, uniq_grinder,
          uniq_sigmund, uniq_menkaure, uniq_natasha
D:5:      layout_layer_cave
D:6:      layout_cave_pods, nicolae_uskayaw_dance_studio, serial_park,
          serial_park_fountain, serial_park_avenue1,
          minmay_fractal_squares_gapless_5, uniq_edmund
D:7:      layout_basic, minmay_temple_entry_offerings, uniq_crazy_yiuf_cottage
D:8:      layout_loops_ring, enter_bailey_6, dreamdust_deal_with_the_devil
Temple:   dpeg_chambers_temple

Skill      XL: |  1  2  3  4  5  6  7  8  9 |
---------------+----------------------------+-----
Dodging        | 2 3 4 |  4.9
Conjurations   | 5 6 8 9 |  9.5
Stealth        | 2 3 4 |  4.2
Spellcasting   | 3 4 5 6 8 |  8.8
Staves         | 1 2 |  2.6
Fighting       | 1 |  1.7
Unarmed Combat | |  0.4

Action                     |  1- 3 |  4- 6 |  7- 9 | 10-12 || total
---------------------------+-------+-------+-------+-------++-------
  Melee: Unarmed           |    26 |       |       |       ||    26
         Tailslap          |     4 |     3 |       |       ||     7
         Quarterstaff      |       |    11 |     2 |       ||    13
   Cast: Magic Dart        |    71 |    43 |   166 |    39 ||   319
         Searing Ray       |       |    11 |    63 |    13 ||    87
Ability: Breathe Acid      |       |       |     1 |       ||     1
    Use: Scroll            |     5 |     4 |    14 |       ||    23
         Potion            |       |     2 |     2 |       ||     4
 Armour: Skin              |    16 |     9 |    46 |     3 ||    74
  Dodge: Dodged            |    28 |    33 |    80 |    12 ||   153

Table legend: (Time is in decaauts)
 A = Elapsed time spent in this place.
 B = Non-inter-level travel time spent in this place.
 C = Inter-level travel time spent in this place.
 D = Time resting spent in this place.
 E = Time spent auto-exploring this place.
 F = Levels seen in this place.
 G = Mean time per level.
                   A        B        C        D        E       F      G
               +--------+--------+--------+--------+--------+-----+--------+
         Total |  10650 |  10067 |    583 |      0 |   8859 |   9 | 1183.3 |
       Dungeon |  10634 |  10051 |    583 |      0 |   8859 |   8 | 1329.2 |
        Temple |     15 |     15 |      0 |      0 |      0 |   1 |   15.0 |
               +--------+--------+--------+--------+--------+-----+--------+

Top non-repeatable levels by time:
     D:7: 1614 daAuts
     D:6: 1541 daAuts
     D:4: 1530 daAuts
     D:5: 1368 daAuts
     D:1: 1212 daAuts
     D:2: 1210 daAuts
     D:8: 1091 daAuts
     D:3: 1065 daAuts
  Temple: 15 daAuts
